 Dungeon Crawl Stone Soup version 0.29-a0-920-g5d2155ec51 (webtiles) character file.

Game seed: 917909407746934537

793 Querens the Covered (level 8, -3/70 HPs)
             Began as a Meteoran Fighter on July 27, 2022.
             Slain by a gnoll sergeant
             ... wielding a +5 spear of venom
              (11 damage)
             ... on level 5 of the Dungeon.
             The game lasted 00:14:08 (3169 turns).

Querens the Covered (Meteoran Fighter)              Turns: 3169, Time: 00:14:09

Health: -3/70      AC: 13    Str: 20    XL:     8   Next: 35%
Magic:  9/9        EV:  7    Int:  9    God:
Gold:   184        SH:  5    Dex: 14    Spells: 7/7 levels left

rFire   + . .      SeeInvis .   a - +0 war axe
rCold   . . .      Faith    .   c - +0 buckler
rNeg    . . .      Spirit   .   l - +2 chain mail {rF+}
rPois   .          Reflect  .   t - +0 helmet
rElec   .          Harm     .   (no cloak)
rCorr   .          Rampage  .   (no gloves)
Will    +....                   (no boots)
Stlth   ..........              (no amulet)
HPRegen 0.21/turn               (no ring)
MPRegen 0.11/turn               (no ring)

@: mighty, lethally poisoned (-3 -> -31), glowing
A: sense surroundings 1, otherworldly, glowing, explore regen
a: no special abilities


You were on level 5 of the Dungeon.
You visited 1 branch of the dungeon, and saw 5 of its levels.
You also visited: Sewer.

You collected 283 gold pieces.
You spent 99 gold pieces at shops.

Inventory:

Hand Weapons
 a - a +0 war axe (weapon)
Missiles
 m - 3 curare-tipped darts (quivered)
Armour
 c - a +0 buckler (worn)
 l - a +2 chain mail of fire resistance (worn)
 t - a +0 helmet (worn)
Jewellery
 k - a ring of ice
 r - a ring of flight
Wands
 A - a wand of digging (6)
Scrolls
 h - 2 scrolls of poison {unknown}
 o - 2 scrolls of torment {unknown}
 p - a scroll of immolation {unknown}
 v - 2 scrolls of amnesia {unknown}
 w - 2 scrolls of enchant armour {unknown}
 x - 2 scrolls of butterflies {unknown}
 y - 4 scrolls of enchant weapon {unknown}
 z - 3 scrolls of magic mapping {unknown}
 B - 3 scrolls of identify {unknown}
 C - a scroll of silence {unknown}
Potions
 b - 2 potions of berserk rage {unknown}
 d - a potion of might
 e - 2 potions of lignification {unknown}
 f - 2 potions of attraction {unknown}
 g - a potion of brilliance {unknown}
 i - a potion of ambrosia {unknown}
 j - 2 potions of heal wounds
 n - a potion of cancellation {unknown}
 q - a potion of invisibility {unknown}
 s - 4 potions of curing
 u - a potion of magic {unknown}
 D - a potion of haste {unknown}


   Skills:
 + Level 5.7 Fighting
 + Level 5.6 Axes
 + Level 6.2 Armour
 + Level 6.1 Shields


You had 7 spell levels left.
You didn't know any spells.
Your spell library contained the following spells:

 Spells                   Type           Power      Damage    Failure   Level
 Shock                    Conj/Air       0%         1d3       99%         1
 Frozen Ramparts          Ice            0%         1d2       100%        3
 Gell's Gravitas          Tloc           0%         N/A       100%        3
 Lesser Beckoning         Tloc           0%         N/A       100%        3
 Swiftness                Air            0%         N/A       100%        3
 Teleport Other           Tloc           0%         N/A       100%        3
 Airstrike                Air            0%         0-1+      100%        4
 Ice Form                 Ice/Tmut       0%         N/A       100%        4
 Summon Ice Beast         Ice/Summ       0%         N/A       100%        4


Dungeon Overview and Level Annotations

Branches:
Dungeon (5/15) Zot: 204     Sewer (visited)
 Temple: D:4-7

Altars:
Wu Jian

Shops:
D:2 [(*!


Innate Abilities, Weirdness & Mutations

You passively map a small area around you.
You are easily found by Zot.
You glow in the dark.
You regain HP and MP as you explore.


Message History

The scorpion stings you.
You are poisoned.
The scorpion poisons you!
The gnoll sergeant hits you from afar with a +5 spear of venom!
You are more poisoned.
The adder barely misses you.
Unknown command.
The adder attacks as you move away! The adder bites you but does no damage.
You feel extremely sick.
The scorpion stings you but does no damage.
The shadow imp hits you.
The gnoll sergeant hits you with a +5 spear of venom.
You are lethally poisoned!
Unknown command.
Unknown command.
You hit the gnoll sergeant.
The gnoll sergeant is lightly wounded.
You barely miss the adder. You hit the shadow imp. You hit the scorpion.
* * * LOW HITPOINT WARNING * * *
You feel extremely sick. The adder bites you but does no damage.
The scorpion stings you but does no damage.
The shadow imp hits you.
* * * LOW HITPOINT WARNING * * *
The gnoll sergeant hits you but does no damage.
You are more poisoned.
The adder bites you but does no damage.
Unknown command.
Unknown command.
Unknown command.
You hit the gnoll sergeant.
The gnoll sergeant is moderately wounded.
You slash the shadow imp! You barely miss the scorpion.
You closely miss the adder.
* * * LOW HITPOINT WARNING * * *
You feel extremely sick.
The scorpion stings you but does no damage.
You block the adder's attack. You block the shadow imp's attack.
The gnoll sergeant hits you with a +5 spear of venom!
You die...

, , ##.#...........##
#.## , , ##........)..##
..### , , #..###.....##
*#.... , ######......##
##.### +
##....##......## #..#
#......##...>..####.## ,
+ .!.$$...##[.........#
..$..$gsS...........# ,
..$..$5@'........##.###
,
...$$...##.......#...<##
,
#......##....##.........
##....##....###......##.
,
######......##....###..
, * ##..........## #.. *
, ##..####....###.. , ,
#..........##...
#...............


You could see a gnoll sergeant, a scorpion, an adder and a shadow imp.

Vanquished Creatures
  A black bear (D:5)
  A necrophage (D:5)
  A gnoll sergeant (D:5)
  2 hounds (D:4)
  2 jellies (D:5)
  Ijyb (D:3)
  2 iguanas
  A killer bee zombie (D:5)
  A hound zombie (D:5)
  A howler monkey zombie (D:5)
  Robin (D:3)
  6 adders
  7 gnolls (D:5)
  4 river rats
  A shadow imp (D:5)
  2 white imps (D:5)
  An ufetubus (D:5)
  An adder zombie (D:5)
  2 worms (D:3)
  3 dart slugs
  An orc (D:4)
  7 bats
  13 endoplasms
  3 giant cockroaches
  18 goblins
  7 hobgoblins
  8 jackals
  5 quokkas
  12 ball pythons
  13 frilled lizards
  11 kobolds
  12 rats
151 creatures vanquished.

Notes
Turn   | Place    | Note
-------+----------+-------------------------------------------
     0 | D:1      | Querens the Meteoran Fighter began the quest for the Orb.
     0 | D:1      | Reached XP level 1. HP: 19/19 MP: 2/2
    24 | D:1      | Reached XP level 2. HP: 20/26 MP: 3/3
   108 | D:1      | Reached XP level 3. HP: 28/31 MP: 4/4
   173 | D:1      | Found a faded altar of an unknown god.
   300 | D:1      | Reached XP level 4. HP: 40/40 MP: 5/5
   515 | D:2      | Found Kosutixe's Distillery.
   525 | D:2      | Bought a potion of heal wounds for 55 gold pieces
   525 | D:2      | Bought a potion of degeneration for 11 gold pieces
   562 | D:2      | Found Winamit's Assorted Antiques.
   646 | D:2      | Found Sifeanai's Armour Emporium.
   679 | D:2      | Found Peaja's Weapon Shoppe.
   959 | D:2      | Bought a potion of curing for 33 gold pieces
  1002 | D:3      | Noticed Robin
  1013 | D:3      | Reached XP level 5. HP: 20/46 MP: 6/6
  1013 | D:3      | Killed Robin
  1216 | D:3      | Found a glowing drain.
  1229 | Sewer    | Entered a sewer
  1423 | Sewer    | Reached XP level 6. HP: 47/53 MP: 7/7
  1806 | D:3      | Noticed Ijyb
  1827 | D:3      | Killed Ijyb
  1828 | D:3      | Reached skill level 5 in Armour
  1837 | D:3      | Identified the +1 leather armour of the Boiling Point {Fly
                  | SInv}
  1920 | D:3      | Glimpsed the power of Zot.
  1967 | D:3      | Glimpsed the power of Zot.
  2004 | D:3      | Glimpsed the power of Zot.
  2014 | D:3      | Touched by the power of Zot.
  2207 | D:4      | Reached skill level 5 in Shields
  2442 | D:4      | Reached XP level 7. HP: 43/44 MP: 8/8
  2521 | D:5      | Entered Level 5 of the Dungeon
  2576 | D:5      | Reached skill level 5 in Fighting
  2667 | D:5      | Identified the +6 short sword of Valiance {freeze, rF-
                  | Will+++ Int+8 Dex-5}
  2849 | D:5      | Reached skill level 5 in Axes
  2915 | D:5      | Found an ornate altar of the Wu Jian Council.
  3042 | D:5      | Reached XP level 8. HP: 55/64 MP: 9/9
  3169 | D:5      | Slain by a gnoll sergeant

Illustrated notes

Levels and vault maps discovered:
D:1:      reono_arrival_forest_river, layout_basic,
          hellmonk_ecumenical_altar_prayer_group, minmay_heptomino_h4
D:2:      minmay_alternating_diamond, layout_loops_ring, serial_shops,
          nicolae_shop_trees, nicolae_lakefront_shop, nicolae_diamond_shop,
          nicolae_shop_bloodbath_and_beyond, minmay_3d_cube
D:3:      layout_basic, gup_sewer_entry_bubbles, uniq_robin, uniq_ijyb
D:4:      layout_loops_cross
D:5:      minmay_polygon_palace, layout_layer_cave,
          nicolae_yredelemnul_corpse_copse, nzn_wu_jian_contemplation

Skill      XL: |  1  2  3  4  5  6  7  8 |
---------------+-------------------------+-----
Shields        | 4 5 6 |  6.1
Armour         | 4 5 6 |  6.2
Axes           | 3 4 5 |  5.6
Fighting       | 4 5 |  5.7

Action                   |  1- 3 |  4- 6 |  7- 9 || total
-------------------------+-------+-------+-------++-------
Melee: War axe           |    81 |   243 |   112 ||   436
  Use: Potion            |       |       |     1 ||     1
Armor: Scale mail        |    66 |       |       ||    66
       Chain mail        |       |   175 |    81 ||   256
Dodge: Dodged            |    27 |    56 |    42 ||   125
Block: Buckler           |    24 |    51 |    39 ||   114

Table legend: (Time is in decaauts)
 A = Elapsed time spent in this place.
 B = Non-inter-level travel time spent in this place.
 C = Inter-level travel time spent in this place.
 D = Time resting spent in this place.
 E = Time spent auto-exploring this place.
 F = Levels seen in this place.
 G = Mean time per level.
                   A        B        C        D        E       F      G
               +--------+--------+--------+--------+--------+-----+--------+
         Total |   3408 |   2984 |    424 |      0 |      0 |   6 |  568.0 |
       Dungeon |   2995 |   2571 |    424 |      0 |      0 |   5 |  599.0 |
         Sewer |    413 |    413 |      0 |      0 |      0 |   1 |  413.0 |
               +--------+--------+--------+--------+--------+-----+--------+

Top non-repeatable levels by time:
     D:3: 864 daAuts
     D:5: 676 daAuts
     D:2: 557 daAuts
     D:1: 468 daAuts
     D:4: 427 daAuts
   Sewer: 413 daAuts
